 Dungeon Crawl Stone Soup version 0.28-a0-172-g787e458d71 (webtiles) character file.

Game seed: 2588276974230161034

1083 rabbitsville the Skirmisher (level 8, -2/71 HPs)
             Began as a Hill Orc Monk on Aug 16, 2021.
             Was a Priest of Beogh.
             Slain by a hornet (4 damage)
             ... on level 5 of the Dungeon.
             The game lasted 00:23:55 (5414 turns).

rabbitsville the Skirmisher (Hill Orc Monk)         Turns: 5414, Time: 00:23:56

Health: -2/71      AC: 16    Str: 16    XL:     8   Next: 30%
Magic:  12/12      EV: 12    Int: 10    God:    Beogh [***...]
Gold:   145        SH:  0    Dex: 13    Spells: 13/13 levels left

rFire   + . .      SeeInvis .   x - +4 flail (protect)
rCold   + . .      Faith    .   (no shield)
rNeg    . . .      Spirit   .   b - +0 robe
rPois   .          Reflect  .   s - +0 helmet
rElec   .          Harm     .   t - scarf {rC+ rF+}
rCorr   .          Rampage  .   d - +0 pair of gloves
Will    .....                   C - +0 pair of boots
Stlth   ++........              l - amulet of magic regeneration
HPRegen 0.21/turn               i - +4 ring of protection
MPRegen 0.38/turn               (no ring)

@: brilliant, lethally poisoned (-2 -> -3), weak-willed, under a protective
aura, attractive, hasted and slowed
A: no striking features
a: Renounce Religion, Smiting


You were on level 5 of the Dungeon.
You worshipped Beogh.
Beogh was most pleased with you.
You visited 1 branch of the dungeon, and saw 5 of its levels.

You collected 145 gold pieces.

Inventory:

Hand Weapons
 u - a +1 vorpal flail
 x - a +4 flail of protection (weapon)
Armour
 b - a +0 robe (worn)
 d - a +0 pair of gloves (worn)
 s - a +0 helmet (worn)
 t - a scarf of resistance (worn)
 C - a +0 pair of boots (worn)
Jewellery
 i - a +4 ring of protection (left hand)
 l - an amulet of magic regeneration (around neck)
Scrolls
 a - 2 scrolls of blinking {unknown}
 j - 2 scrolls of vulnerability
 k - a scroll of silence {unknown}
 o - 2 scrolls of identify {unknown}
 p - a scroll of noise {unknown}
 v - 2 scrolls of immolation {unknown}
 y - 2 scrolls of teleportation {unknown}
 A - a scroll of enchant weapon {unknown}
 B - a scroll of amnesia {unknown}
 E - a scroll of summoning {unknown}
 F - a scroll of torment {unknown}
Potions
 c - 2 potions of lignification
 e - 2 potions of brilliance
 f - a potion of curing {unknown}
 g - 2 potions of haste
 h - a potion of flight {unknown}
 m - a potion of berserk rage {unknown}
 n - 2 potions of ambrosia {unknown}
 q - a potion of degeneration {unknown}
 r - a potion of mutation {unknown}
 w - 2 potions of attraction
 z - a potion of might {unknown}
 D - a potion of resistance {unknown}


   Skills:
 + Level 6.7 Fighting
 - Level 4.7(6.5) Axes
 * Level 5.8(6.3) Maces & Flails
 - Level 2.4 Dodging
 - Level 1.5 Stealth
 + Level 3.3 Spellcasting
 + Level 4.2 Invocations


You had 13 spell levels left.
You didn't know any spells.
Your spell library contained the following spells:

 Spells                   Type           Power      Damage    Failure   Level
 Apportation              Tloc           4%         N/A       28%         1
 Beastly Appendage        Tmut           4%         N/A       28%         1
 Sublimation of Blood     Necr           1%         N/A       38%         2
 Wereblood                Tmut           2%         N/A       38%         2
 Spider Form              Tmut/Pois      1%         N/A       63%         3
 Petrify                  Tmut/Erth      2%         N/A       95%         4
 Alistair's Intoxication  Tmut/Pois      1%         N/A       100%        5
 Irradiate                Conj/Tmut      1%         3d14      100%        5
 Dispersal                Tloc           1%         N/A       100%        6
 Invisibility             Hex            1%         N/A       100%        6
 Disjunction              Tloc           1%         N/A       100%        8


Dungeon Overview and Level Annotations

Branches:
Dungeon (5/15)
 Temple: D:4-7

Altars:
Trog
The Shining One

Annotations:
D:3 Sigmund


Message History

You feel extremely sick. The hornet stings you!
You feel as though you will be slow longer.
The hornet closely misses you.
You barely miss the hornet.
You feel extremely sick. The hornet stings you!
You feel as though you will be slow longer.
The hornet misses you.
As you read the scroll labelled JEQIUF SERA, it crumbles to dust.
Magic quickly surges around you.
It was a scroll of vulnerability.
You feel very sick.
The hornet stings you but does no damage.
The hornet misses you. The hornet stings you!
* * * LOW HITPOINT WARNING * * *
You feel as though you will be slow longer.
It was a potion of haste.
You feel yourself speed up.
You feel sick. The hornet closely misses you. The hornet stings you.
* * * LOW HITPOINT WARNING * * *
You feel as though you will be slow longer.
It was a potion of attraction.
You feel attractive to monsters.
You feel sick.
The hornet stings you but does no damage.
You hit the hornet.
Your weapon exudes an aura of protection.
The hornet is lightly wounded.
You feel sick.
The hornet stings you but does no damage.
The hornet closely misses you.
You thump the hornet!
The hornet is moderately wounded.
You feel sick. The hornet closely misses you. The hornet stings you.
* * * LOW HITPOINT WARNING * * *
You feel as though you will be slow longer.
It was a potion of brilliance.
You feel clever all of a sudden.
* * * LOW HITPOINT WARNING * * *
You feel sick. The hornet stings you.
You die...

#............#..........#
##
#.##########.##.#########
#. #.# #.##.# #.
###.###### #.##.#
#.........# #.##.#######
#.#.#####.# #......)...#
##.#.# #..#.#####.#
...#.# # #..#.# #.# #
.###.# #.####y@#(# #.# ≈
.# #.# #.......#.# #.# ≈
.# #............##.# #.#
≈ .# ##############.# #.#
##≈ .# #.# #.######'# .#
#.# #......... .#
#####.### ########## .#
#.......# #.. .#
#.......# #.#


You could see a hornet (weak-willed).

Vanquished Creatures
  A steam dragon (D:4)
  A water moccasin (D:5)
  An orc warrior (D:5)
  An ogre (D:4)
  A phantom (D:4)
  A scorpion (D:5)
  3 hounds
  2 jellies
  2 orc priests (D:5)
  A gnoll shaman (D:5)
  Jessica (D:3)
  An iguana (D:5)
  An orc wizard (D:3)
  A scorpion zombie (D:5)
  8 gnolls
  3 adders (D:3)
  An ufetubus (D:5)
  A worm (D:5)
  3 dart slugs
  6 orcs
  9 endoplasms
  4 giant cockroaches
  4 goblins
  3 hobgoblins (D:2)
  4 jackals (D:1)
  2 quokkas
  4 ball pythons
  A frilled lizard (D:3)
  5 kobolds
  A rat (D:2)
77 creatures vanquished.

Vanquished Creatures (others)
  2 orcs (D:3)
2 creatures vanquished.

Grand Total: 79 creatures vanquished

Notes
Turn   | Place    | Note
-------+----------+-------------------------------------------
     0 | D:1      | rabbitsville the Hill Orc Monk began the quest for the Orb.
     0 | D:1      | Reached XP level 1. HP: 19/19 MP: 1/1
   240 | D:1      | Found a faded altar of an unknown god.
   242 | D:1      | Noticed a floating eye
   248 | D:1      | Noticed a floating eye
   252 | D:1      | Noticed an eye of devastation
   258 | D:1      | Noticed a golden eye
   430 | D:1      | Reached XP level 2. HP: 27/27 MP: 2/2
   460 | D:1      | Reached skill level 4 in Fighting
  1205 | D:2      | Reached XP level 3. HP: 24/33 MP: 4/4
  1303 | D:2      | Found a glowing golden altar of the Shining One.
  1477 | D:2      | Reached skill level 1 in Spellcasting
  2469 | D:3      | Reached XP level 4. HP: 37/41 MP: 5/5
  2576 | D:3      | Became a worshipper of Beogh the Brigand
  2576 | D:3      | Reached * piety under Beogh
  2576 | D:3      | Reached ** piety under Beogh
  2590 | D:3      | Reached skill level 1 in Maces & Flails
  2751 | D:3      | Noticed Jessica
  2763 | D:3      | Killed Jessica
  2764 | D:3      | Reached XP level 5. HP: 47/47 MP: 7/7
  2794 | D:3      | Reached skill level 5 in Fighting
  2956 | D:3      | Noticed Sigmund
  3307 | D:4      | Noticed a phantom
  3329 | D:4      | Killed a phantom
  3330 | D:4      | Reached skill level 1 in Invocations
  3330 | D:4      | Reached XP level 6. HP: 45/56 MP: 9/9
  3681 | D:4      | Noticed a steam dragon
  4055 | D:4      | Killed a steam dragon
  4056 | D:4      | Reached XP level 7. HP: 35/62 MP: 9/11
  4303 | D:4      | Reached skill level 6 in Fighting
  4318 | D:5      | Entered Level 5 of the Dungeon
  4490 | D:5      | Noticed a hornet
  4502 | D:5      | Reached skill level 5 in Maces & Flails
  4708 | D:5      | Reached XP level 8. HP: 71/71 MP: 12/12
  4776 | D:5      | Found a bloodstained altar of Trog.
  4917 | D:5      | Reached *** piety under Beogh
  5413 | D:5      | HP: 3/71 [hornet (2)]
  5414 | D:5      | Slain by a hornet

Illustrated notes

Levels and vault maps discovered:
D:1:      psy_arrival_statuary, layout_basic,
          hellmonk_ecumenical_altar_watching_god
D:2:      layout_loops_cross, basic_altar
D:3:      layout_loops_cross, uniq_sigmund, uniq_jessica
D:4:      layout_cave_pods
D:5:      layout_loops_ring, trog_book, chequers_serial_rivers_room_a,
          kennysheep_generic_room_10

Skill      XL: |  1  2  3  4  5  6  7  8 |
---------------+-------------------------+-----
Fighting       | 4 5 6 |  6.7
Spellcasting   | 1 2 3 |  3.3
Maces & Flails | 1 3 4 5 |  5.8
Invocations    | 1 2 3 4 |  4.2
Axes           | |  4.7
Dodging        | |  2.4
Stealth        | |  1.5

Action                   |  1- 3 |  4- 6 |  7- 9 || total
-------------------------+-------+-------+-------++-------
Melee: Hand axe          |    80 |       |       ||    80
       Flail             |     6 |    95 |    74 ||   175
Invok: Convert to Beogh  |       |     1 |       ||     1
  Use: Potion            |     1 |       |     3 ||     4
       Scroll            |       |       |     1 ||     1
 Stab: Sleeping          |     2 |     3 |     2 ||     7
Armor: Robe              |    20 |    37 |    23 ||    80
Dodge: Dodged            |    51 |    48 |    38 ||   137

Table legend: (Time is in decaauts)
 A = Elapsed time spent in this place.
 B = Non-inter-level travel time spent in this place.
 C = Inter-level travel time spent in this place.
 D = Time resting spent in this place.
 E = Time spent auto-exploring this place.
 F = Levels seen in this place.
 G = Mean time per level.
                   A        B        C        D        E       F      G
               +--------+--------+--------+--------+--------+-----+--------+
         Total |   5454 |   5335 |    119 |   1191 |   2384 |   5 | 1090.8 |
       Dungeon |   5454 |   5335 |    119 |   1191 |   2384 |   5 | 1090.8 |
               +--------+--------+--------+--------+--------+-----+--------+

Top non-repeatable levels by time:
     D:4: 1282 daAuts
     D:1: 1163 daAuts
     D:5: 1106 daAuts
     D:2: 1036 daAuts
     D:3: 865 daAuts
